 Dungeon Crawl Stone Soup version 0.29-a0-322-g68df515428 (webtiles) character file.

Game seed: 833713325572590256

7857 kae the Destroyer (level 11, -6/63 (64) HPs)
             Began as a Tengu Fire Elementalist on Apr 8, 2022.
             Mangled by a death yak (22 damage)
             ... on level 8 of the Dungeon.
             The game lasted 00:11:04 (15858 turns).

kae the Destroyer (Tengu Fire Elementalist)        Turns: 15858, Time: 00:11:04

HP:   -6/63 (64)    AC:  8    Str:  9    XL:     11   Next: 21%
MP:   19/20         EV: 16    Int: 20    God:
Gold: 322           SH:  0    Dex: 14    Spells: 12/21 levels left

rFire   + . .      SeeInvis .   y - staff of conjuration
rCold   x . .      Faith    .   (no shield)
rNeg    . . .      Spirit   .   e - +0 acid dragon scales
rPois   +          Reflect  .   o - +1 hat
rElec   .          Harm     .   (no cloak)
rCorr   +          Rampage  .   (no gloves)
Will    .....                   (boots unavailable)
Stlth   ++........              (no amulet)
HPRegen 0.20/turn               B - ring of fire
MPRegen 0.17/turn               E - ring of poison resistance

@: flying quickly and evasively, lightly drained, quick
A: beak, talons 3, nimble flight
a: no special abilities


You were on level 8 of the Dungeon.
You visited 2 branches of the dungeon, and saw 10 of its levels.

You collected 322 gold pieces.

Inventory:

Hand Weapons
 c - a +1 dagger of draining
 g - a +2 spear of flaming
 n - a +0 vampiric whip
 w - a +2 great sword of holy wrath
Missiles
 k - a throwing net
Armour
 a - a +1 robe
 e - +0 acid dragon scales (worn)
 o - a +1 hat (worn)
Magical Staves
 s - a staff of death
 y - a staff of conjuration (weapon)
Jewellery
 B - a ring of fire (left hand)
 D - a ring of willpower
 E - a ring of poison resistance (right hand)
Wands
 u - a wand of acid (12)
 x - a wand of mindburst (8)
 A - a wand of digging (2)
 F - a wand of flame (9)
Scrolls
 d - 3 scrolls of teleportation
 C - a scroll of fog
Potions
 b - a potion of magic
 f - 2 potions of flight
 h - a potion of heal wounds
 i - a potion of curing
 j - a potion of berserk rage
 l - 4 potions of mutation
 m - a potion of lignification
 p - 2 potions of brilliance
 q - a potion of ambrosia
 r - a potion of degeneration {unknown}
 t - a potion of resistance {unknown}
 v - 2 potions of might {unknown}
 z - a potion of invisibility {unknown}
 G - a potion of cancellation {unknown}


   Skills:
 + Level 5.9 Fighting
 + Level 6.3 Staves
 + Level 6.4 Armour
 + Level 7.0 Dodging
 - Level 2.0 Stealth
 + Level 5.9 Spellcasting
 + Level 8.0 Conjurations
 + Level 7.5 Fire Magic
 + Level 5.6 Evocations


You had 12 spell levels left.
You knew the following spells:

 Your Spells              Type           Power      Damage    Failure   Level
a - Foxfire               Conj/Fire      100%       2x1d9     1%          1
b - Scorch                Fire           100%       2d10      1%          2
c - Conjure Flame         Conj/Fire      70%        6-21      1%          3
d - Inner Flame           Hex/Fire       31%        N/A       11%         3

Your spell library contained the following spells:

 Spells                   Type           Power      Damage    Failure   Level
 Flame Wave               Conj/Fire      70%        2d13      7%          4
 Apportation              Tloc           10%        N/A       17%         1
 Confusing Touch          Hex            5%         N/A       45%         3
 Gell's Gravitas          Tloc           5%         N/A       45%         3
 Lesser Beckoning         Tloc           5%         N/A       45%         3
 Teleport Other           Tloc           5%         N/A       45%         3
 Cause Fear               Hex            2%         N/A       86%         4
 Alistair's Intoxication  Tmut/Pois      3%         N/A       99%         5
 Yara's Violent Unravell  Hex/Tmut       2%         3d3       99%         5
 Summon Cactus Giant      Summ           2%         N/A       100%        6
 Enfeeble                 Hex            2%         N/A       100%        7
 Discord                  Hex            2%         N/A       100%        8


Dungeon Overview and Level Annotations

Branches:
Dungeon (9/15)             Temple (1/1) D:7            Lair (0/6) D:9
    Orc: D:9-12

Altars:
Ashenzari
Cheibriados
Dithmenos
Elyvilon
Fedhas
Gozag
Hepliaklqana
Kikubaaqudgha
Makhleb
Nemelex Xobeh
Okawaru
Qazlal
Ru
Trog
Uskayaw
Vehumet
Wu Jian
Xom
Yredelemnul
Zin
The Shining One

Annotations:
D:9 exclusion: kobold demonologist


Innate Abilities, Weirdness & Mutations

You have a beak for a mouth.
You have claws for feet.
Your magical nature lets you fly swiftly and evasively.


Message History

The death yak misses you.
You completely miss the death yak.
The death yak is lightly wounded.
The death yak is engulfed in blazing flames.
The death yak closely misses you.
You hit the death yak but do no damage. Your kick misses the death yak.
You peck the death yak.
The death yak is moderately wounded.
The death yak is engulfed in blazing flames.
The death yak gores you.
You barely miss the death yak. You peck the death yak.
The death yak is heavily wounded.
The death yak is engulfed in blazing flames.
The death yak gores you!
You hit the death yak.
You claw the death yak, but do no damage.
The death yak is heavily wounded.
The death yak is engulfed in blazing flames.
The death yak barely misses you.
You barely miss the death yak.
The death yak is heavily wounded.
The death yak is engulfed in blazing flames.
The death yak gores you!
* * * LOW HITPOINT WARNING * * *
You hit the death yak but do no damage.
You peck the death yak, but do no damage.
The death yak is heavily wounded.
The death yak is engulfed in blazing flames.
The death yak closely misses you.
You hit the death yak but do no damage.
The death yak is severely wounded.
The death yak is engulfed in blazing flames.
The death yak barely misses you.
You hit the death yak but do no damage. You claw the death yak.
The death yak is almost dead.
You barely miss the death yak.
The death yak is almost dead.
The death yak is engulfed in blazing flames.
The death yak gores you!!
You die...

#.# #.......### #.# ###.......#
####### ####.######..####.#
.?....# #.......[.#.......##
#####.# #.##.#.##.#..#......
...##.#### #.##.(..#.#..#.#..##
##....Y..# #.##.#............#
......##.#####.##.#.##.##..##.##
########......YY@...##.##..##.#
# # #######.##..(...##.....# #
#...#########..[### #
######.#.### #..)# #
#####......#...# #..)# #
#.....##.#####.#######...#####
#.....##...#...##.............
#.....####.#..................
## #.....# #....###.........)...


You could see a death yak and a yak.

Vanquished Creatures
  A two-headed ogre (D:9)
  2 death yaks
  A cyclops (D:7)
  2 kobold demonologists
  A shadow (D:9)
  2 wyverns
  7 yaks
  A steam dragon (D:8)
  An acid dragon (D:7)
  3 water moccasins (D:7)
  2 orc warriors (D:7)
  3 sky beasts
  A black bear (D:8)
  An ice beast (D:8)
  2 ogres
  A centaur (Temple)
  2 kobold brigands
  8 bullfrogs
  A gnoll sergeant (D:5)
  2 scorpions (D:5)
  8 wights
  4 killer bees (D:9)
  5 hounds
  2 jellies
  4 orc priests
  2 gnoll shamans
  2 iguanas
  8 orc wizards
  9 gnolls
  7 adders
  A shadow imp (D:6)
  A white imp (D:8)
  3 worms
  4 dart slugs
  28 orcs
  4 ball pythons
  10 endoplasms
  A giant cockroach (D:3)
  6 goblins
  6 hobgoblins
  12 jackals
  6 bats
  7 frilled lizards
  11 kobolds
  7 rats
202 creatures vanquished.

Vanquished Creatures (collateral kills)
  7 foxfires
7 creatures vanquished.

Vanquished Creatures (others)
  711 foxfires
  8 plants
719 creatures vanquished.

Grand Total: 928 creatures vanquished

Notes
Turn   | Place    | Note
-------+----------+-------------------------------------------
     0 | D:1      | kae the Tengu Fire Elementalist began the quest for the
                  | Orb.
     0 | D:1      | Reached XP level 1. HP: 10/10 MP: 4/4
   166 | D:1      | Reached XP level 2. HP: 14/15 MP: 1/6
  1124 | D:2      | Learned a level 2 spell: Scorch
  1190 | D:2      | Reached XP level 3. HP: 20/20 MP: 2/7
  1777 | D:2      | Reached skill level 2 in Conjurations
  1827 | D:2      | Reached skill level 1 in Fighting
  1986 | D:2      | Reached skill level 1 in Armour
  2513 | D:2      | Reached XP level 4. HP: 25/25 MP: 6/8
  4237 | D:4      | Gained mutation: Your magical nature lets you fly swiftly
                  | and evasively. [Tengu growth]
  4237 | D:4      | Reached XP level 5. HP: 29/29 MP: 4/10
  4801 | D:4      | Reached skill level 1 in Staves
  4890 | D:4      | Noticed an ogre
  4929 | D:4      | Killed an ogre
  4930 | D:4      | Reached skill level 3 in Conjurations
  4930 | D:4      | Reached skill level 1 in Evocations
  4930 | D:4      | Reached XP level 6. HP: 35/35 MP: 6/11
  5068 | D:4      | HP: 1/35 [poisoned by an adder]
  6058 | D:5      | Entered Level 5 of the Dungeon
  6487 | D:5      | Reached XP level 7. HP: 33/40 MP: 5/12
  6869 | D:5      | Learned a level 3 spell: Conjure Flame
  6874 | D:5      | Learned a level 3 spell: Inner Flame
  7315 | D:5      | Reached skill level 4 in Conjurations
  7730 | D:6      | Noticed a yak
  7730 | D:6      | Noticed a yak
  7730 | D:6      | Noticed a yak
  7749 | D:6      | Noticed a yak
  7752 | D:6      | Noticed a yak
  7756 | D:6      | Killed a yak
  7757 | D:6      | Reached XP level 8. HP: 46/46 MP: 5/14
  7772 | D:6      | Killed a yak
  7773 | D:6      | Reached skill level 5 in Fire Magic
  7774 | D:6      | Killed a yak
  7777 | D:6      | Killed a yak
  7780 | D:6      | Killed a yak
  7781 | D:6      | Reached skill level 5 in Conjurations
  7931 | D:6      | Found Coloil's Weapon Shop.
  8096 | D:6      | Reached XP level 9. HP: 39/52 MP: 9/16
  8327 | D:6      | Noticed a cyclops
  9175 | D:7      | Found a staircase to the Ecumenical Temple.
  9182 | Temple   | Entered the Ecumenical Temple
  9402 | Temple   | Reached skill level 5 in Dodging
  9974 | D:7      | Reached skill level 6 in Conjurations
 10516 | D:7      | Reached skill level 5 in Armour
 10623 | D:7      | Killed a cyclops
 10624 | D:7      | Reached skill level 5 in Staves
 10624 | D:7      | Reached skill level 5 in Spellcasting
 10624 | D:7      | Reached XP level 10. HP: 23/58 MP: 7/18
 11590 | D:7      | Reached skill level 5 in Fighting
 12843 | D:9      | Noticed a kobold demonologist
 12852 | D:8      | HP: 2/59 [poisoned by a kobold]
 13191 | D:8      | Reached skill level 7 in Conjurations
 13254 | D:9      | Noticed a kobold demonologist
 13319 | D:9      | Noticed a two-headed ogre
 13333 | D:9      | Killed a two-headed ogre
 13334 | D:9      | Reached skill level 5 in Evocations
 13338 | D:9      | Noticed a sun demon
 14103 | D:9      | Killed a kobold demonologist
 14309 | D:9      | Found a staircase to the Lair.
 14311 | D:9      | Noticed a death yak
 14333 | D:9      | Killed a death yak
 14442 | D:9      | Noticed a death yak
 14447 | D:9      | Noticed a death yak
 14463 | D:8      | Noticed a soul eater
 14716 | D:8      | Identified a scroll of acquirement
 14717 | D:8      | Acquired a staff of conjuration
 14748 | D:8      | Killed a kobold demonologist
 14749 | D:8      | Reached XP level 11. HP: 64/64 MP: 13/20
 14761 | D:8      | Killed a death yak
 15828 | D:8      | Reached skill level 8 in Conjurations
 15858 | D:8      | Mangled by a death yak

Illustrated notes

Levels and vault maps discovered:
D:1:      wheals_arrival_linesprint, layout_loops_cross, minmay_fountain_box
D:2:      layout_basic, serial_bayou, serial_bayou_pond_d, serial_bayou_ford_a,
          serial_bayou_lake_a, serial_bayou_shore_a, item_on_display_a
D:3:      layout_loops_ring
D:4:      layout_cave_pods, serial_rivers, chequers_serial_rivers_small_3,
          chequers_serial_rivers_room_b, chequers_serial_rivers_large_b,
          chequers_serial_rivers_micro_e, chequers_serial_rivers_small_a,
          guppyfry_early_lair_pool
D:5:      layout_loops_ring
D:6:      layout_loops_corners, serial_shops, nicolae_shop_bloodbath_and_beyond
D:7:      layout_loops_cross, minmay_temple_entry_statues_pillars,
          hangedman_minor_gate_pass
D:8:      layout_loops_cross
D:9:      layout_basic, dpeg_lair_monsters, minmay_misc_feat_room,
          hangedman_abyss_or_decor_stabs
Temple:   minmay_crystal_snake_temple

Skill      XL: |  1  2  3  4  5  6  7  8  9 10 11 |
---------------+----------------------------------+-----
Conjurations   | 2 3 4 5 6 7 8 |  8.0
Fighting       | 1 2 3 4 5 |  5.9
Armour         | 1 2 3 4 5 6 |  6.4
Dodging        | 3 4 5 6 7 |  7.0
Staves         | 1 2 3 5 6 |  6.3
Fire Magic     | 4 5 6 7 |  7.5
Evocations     | 1 2 3 4 5 |  5.6
Spellcasting   | 3 4 5 |  5.9
Stealth        | |  2.0

Action                   |  1- 3 |  4- 6 |  7- 9 | 10-12 || total
-------------------------+-------+-------+-------+-------++-------
Melee: Dagger            |    15 |     2 |       |       ||    17
       Kick              |     4 |     7 |    12 |    11 ||    34
       Whip              |       |    13 |     8 |       ||    21
       Peck              |       |     1 |     7 |     8 ||    16
       Punch             |       |     1 |       |       ||     1
       Spear             |       |       |    19 |    28 ||    47
       Staff             |       |       |       |    14 ||    14
 Cast: Foxfire           |    81 |   120 |    85 |   126 ||   412
       Scorch            |       |     8 |    40 |    65 ||   113
       Conjure Flame     |       |       |     5 |    10 ||    15
       Inner Flame       |       |       |     2 |       ||     2
  Use: Scroll            |       |    11 |     3 |     8 ||    22
       Potion            |       |       |       |     1 ||     1
Armor: Robe              |     4 |    10 |    12 |       ||    26
       Acid dragon scale |       |       |     1 |    47 ||    48
Dodge: Dodged            |    13 |    44 |    69 |   173 ||   299

Table legend: (Time is in decaauts)
 A = Elapsed time spent in this place.
 B = Non-inter-level travel time spent in this place.
 C = Inter-level travel time spent in this place.
 D = Time resting spent in this place.
 E = Time spent auto-exploring this place.
 F = Levels seen in this place.
 G = Mean time per level.
                   A        B        C        D        E       F      G
               +--------+--------+--------+--------+--------+-----+--------+
         Total |  15433 |  14981 |    452 |   2761 |  10080 |  10 | 1543.3 |
       Dungeon |  15065 |  14647 |    418 |   2600 |   9944 |   9 | 1673.9 |
        Temple |    367 |    333 |     34 |    161 |    135 |   1 |  367.0 |
               +--------+--------+--------+--------+--------+-----+--------+

Top non-repeatable levels by time:
     D:7: 2365 daAuts
     D:8: 2217 daAuts
     D:2: 2100 daAuts
     D:4: 1778 daAuts
     D:9: 1594 daAuts
     D:6: 1459 daAuts
     D:5: 1402 daAuts
     D:1: 1117 daAuts
     D:3: 1030 daAuts
  Temple: 367 daAuts
